 Dungeon Crawl Stone Soup version 0.29.1-15-g9cfb28693d (webtiles) character file.

Game seed: 18186780230667001463

9758 Peloso the Carver (level 11, 0/97 HPs)
             Began as a Minotaur Fighter on Mar 23, 2023.
             Was a High Priest of Okawaru.
             Killed from afar by a swamp worm (8 damage)
             ... with a harpoon shot
             ... on level 10 of the Dungeon.
             The game lasted 00:30:14 (14501 turns).

Peloso the Carver (Minotaur Fighter)               Turns: 14501, Time: 00:30:18

Health: 0/97       AC: 21    Str: 22    XL:     11   Next: 27%
Magic:  10/10      EV:  7    Int:  5    God:    Okawaru [*****.]
Gold:   717        SH:  6    Dex: 13    Spells: 10/10 levels left

rFire   . . .      SeeInvis .   b - +9 hand axe "Fonuiple" {vorpal, Fly rC+ rN+ Stlth-}
rCold   + . .      Faith    .   d - +0 buckler
rNeg    + . .      Spirit   .   t - +0 plate armour
rPois   .          Reflect  .   (helmet restricted)
rElec   .          Harm     .   (no cloak)
rCorr   .          Rampage  .   (no gloves)
Will    +....                   A - +1 pair of boots
Stlth   ..........              (no amulet)
HPRegen 0.26/turn               g - +4 ring of protection
MPRegen 0.12/turn               s - ring of willpower

@: lethally poisoned (0 -> -20), flying, slowed, very slow
A: horns 2, retaliatory headbutt
a: Renounce Religion, Heroism, Finesse, Duel


You were on level 10 of the Dungeon.
You worshipped Okawaru.
Okawaru was extremely pleased with you.
You visited 2 branches of the dungeon, and saw 11 of its levels.
You also visited: Sewer, Ossuary and Bailey.

You collected 717 gold pieces.

Inventory:

Hand Weapons
 a - a +5 long sword
 b - the +9 hand axe "Fonuiple" (weapon) {vorpal, Fly rC+ rN+ Stlth-}
   (You found it on level 7 of the Dungeon)

   It inflicts extra damage upon your enemies.
   rC:        It protects you from cold.
   rN:        It protects you from negative energy.
   Fly:       It grants you flight.
   Stlth:     It makes you less stealthy.
 c - a +1 war axe of flaming
Missiles
 w - 2 throwing nets (quivered)
Armour
 d - a +0 buckler (worn)
 t - a +0 plate armour (worn)
 z - +0 fire dragon scales
 A - a +1 pair of boots (worn)
 D - +0 ice dragon scales
Jewellery
 g - a +4 ring of protection (left hand)
 m - a ring of see invisible
 s - a ring of willpower (right hand)
 H - an amulet of faith
Wands
 u - a wand of roots (18)
 E - a wand of light (2)
Scrolls
 f - 4 scrolls of fog
 h - 3 scrolls of blinking
 i - a scroll of brand weapon
 j - a scroll of silence
 k - 2 scrolls of magic mapping
 n - 12 scrolls of teleportation
 o - 2 scrolls of immolation
 p - a scroll of enchant weapon
 q - a scroll of acquirement
 v - a scroll of noise {unknown}
 y - a scroll of summoning
 F - 2 scrolls of identify
Potions
 e - 6 potions of curing
 l - 6 potions of cancellation
 r - 4 potions of mutation
 x - 2 potions of resistance
 B - 3 potions of invisibility {unknown}
 C - a potion of heal wounds
 G - a potion of brilliance {unknown}


   Skills:
 + Level 9.4 Fighting
 + Level 12.1 Long Blades
 + Level 7.4 Axes
 + Level 10.8 Armour
 + Level 2.3 Dodging
 + Level 0.5 Stealth
 + Level 9.0 Shields
 + Level 0.3 Invocations
 + Level 0.1 Evocations


You had 10 spell levels left.
You didn't know any spells.
Your spell library contained the following spells:

 Spells                   Type           Power      Damage    Failure   Level
 Apportation              Tloc           0%         N/A       100%        1
 Magic Dart               Conj           0%         1d3       100%        1
 Necrotise                Necr           0%         1d4       100%        1
 Searing Ray              Conj           0%         2d4       100%        2
 Gell's Gravitas          Tloc           0%         N/A       100%        3
 Mephitic Cloud           Conj/Pois/Air  0%         N/A       100%        3
 Teleport Other           Tloc           0%         N/A       100%        3
 Vampiric Draining        Necr           0%         2d6       100%        3
 Corpse Rot               Necr/Pois/Air  0%         N/A       100%        4
 Dispel Undead            Necr           0%         3d6       100%        4
 Fulminant Prism          Conj/Hex       0%         3d6       100%        4
 Passage of Golubria      Tloc           0%         N/A       100%        4
 Agony                    Necr           0%         N/A       100%        5
 Blade Hands              Tmut           0%         N/A       100%        5
 Irradiate                Conj/Tmut      0%         3d11      100%        5
 Yara's Violent Unravell  Hex/Tmut       0%         3d3       100%        5
 Dispersal                Tloc           0%         N/A       100%        6
 Dragon Form              Tmut           0%         N/A       100%        7
 Summon Small Mammal      Summ           Unusable   N/A       N/A         1
 Call Imp                 Summ           Unusable   N/A       N/A         2
 Tukima's Dance           Hex            Unusable   N/A       N/A         3
 Death Channel            Necr           Unusable   N/A       N/A         6

Dungeon Overview and Level Annotations

Branches:
Dungeon (10/15)            Temple (1/1) D:7           Sewer (visited)
Ossuary (visited)          Bailey (visited)
   Lair: D:8-11         Orc: D:9-12

Altars:
Makhleb
Okawaru
Ru
Uskayaw
Wu Jian
The Shining One

Annotations:
D:10 1 transporter


Innate Abilities, Weirdness & Mutations

You have a pair of horns on your head.
You reflexively headbutt those who attack you in melee.


Message History

The harpoon shot hits you but does no damage.
There is a transporter landing site here.
A swamp worm is nearby!
The swamp worm fires a harpoon shot at you.
The harpoon shot hits you!
You are yanked forward by the harpoon shot.
The swamp worm bites you but does no damage.
You slash the swamp worm!
The swamp worm is severely wounded.
You hit the briar patch. x2
The swamp worm bites you but does no damage.
You miss the swamp worm. You headbutt the swamp worm!
You kill the swamp worm!
Okawaru accepts your kill.
You are struck by the briar patch's thorns.
You hit the briar patch. You slash the briar patch!
You destroy the briar patch!
The swamp worm fires a harpoon shot at you.
The harpoon shot hits you.
You are yanked forward by the harpoon shot.
You collide with the briar patch!
The briar patch is almost destroyed.
You are struck by the briar patch's thorns.
You hit the briar patch but do no damage.
You headbutt the briar patch, but do no damage.
You are struck by the briar patch's thorns.
* * * LOW HITPOINT WARNING * * *
You hit the briar patch but do no damage. x2
You are engulfed in dark miasma.
You are poisoned.
* * * LOW HITPOINT WARNING * * *
x2 You feel very sick.
You feel better.
You are engulfed in dark miasma.
You are lethally poisoned!
You feel yourself slow down.
* * * LOW HITPOINT WARNING * * *
x2 You feel very sick.
The swamp worm fires a harpoon shot at you.
The harpoon shot hits you!
You die...

............###'##............#
.##+##........................###
.#...#..........................#
.'...#..........................#
.#...#.........#########........#
.#...#.........##†#♣#.##........#
.#####......####≈≈#≈≈≈≈##.......#
............#[:#.P§.....#.......#
...........©#©?+@^^^^^^©#©......#
............#"!#PPP☼.P..#.......#
............####§§§#≈≈≈##....<..#
...............#w#♣#.#♣#........#
...#####.......#########........#
##.#...'........................#
.#.#...#........................#
.#.#...#........................#
.#.#...#..##########.............


You could see a swamp worm.

Vanquished Creatures
  A two-headed ogre (D:10)
  An orc high priest (Bailey)
  An orc sorcerer (Bailey)
  2 unseen horrors (D:10)
  2 hornets
  Sigmund (D:5)
  6 yaks (D:10)
  A wraith (D:9)
  2 wyverns
  Menkaure (D:7)
  3 swamp worms (D:10)
  An acid dragon (D:9)
  A water moccasin (D:7)
  13 orc warriors
  A black bear (D:8)
  3 ice beasts
  A sky beast (D:8)
  3 ogres
  4 centaurs
  3 phantoms
  4 kobold brigands
  2 elf zombies (Ossuary)
  2 bullfrogs
  A gnoll sergeant (D:8)
  3 scorpions
  5 wights (D:6)
  5 killer bees
  7 electric eels
  2 howler monkeys
  2 centaur zombies (Ossuary)
  A human zombie (Ossuary)
  4 hounds
  A jelly (D:6)
  7 orc priests
  4 iguanas
  5 orc wizards
  2 mummies (Ossuary)
  10 gnolls
  5 adders
  2 shadow imps (D:6)
  3 ufetubi (D:6)
  An adder zombie (Ossuary)
  4 worms
  3 dart slugs
  29 orcs
  8 endoplasms
  A giant cockroach (D:2)
  11 goblins
  14 hobgoblins
  4 quokkas
  9 ball pythons
  6 bats
  A frilled lizard (Sewer)
  A goblin zombie (Ossuary)
  9 hobgoblin zombies (Ossuary)
  A jackal zombie (Ossuary)
  36 kobolds
  10 kobold zombies (Ossuary)
  7 orc zombies (Ossuary)
  12 rats
  A rat zombie (Ossuary)
  6 briar patches (D:10)
302 creatures vanquished.

Vanquished Creatures (others)
  A hobgoblin (Bailey)
  3 briar patches (D:10)
  3 plants (Sewer)
7 creatures vanquished.

Grand Total: 309 creatures vanquished

Notes
Turn   | Place    | Note
-------+----------+-------------------------------------------
     0 | D:1      | Peloso the Minotaur Fighter began the quest for the Orb.
     0 | D:1      | Reached XP level 1. HP: 19/19 MP: 0/0
   275 | D:1      | Found a faded altar of an unknown god.
   372 | D:1      | Reached XP level 2. HP: 27/27 MP: 1/1
   965 | D:2      | Reached XP level 3. HP: 34/34 MP: 2/2
  1123 | D:2      | Reached skill level 3 in Long Blades
  1540 | D:2      | Reached XP level 4. HP: 32/41 MP: 3/3
  1850 | D:3      | Reached skill level 4 in Long Blades
  2189 | D:3      | Reached XP level 5. HP: 38/47 MP: 4/4
  2342 | D:3      | Found a sacrificial altar of Ru.
  2531 | D:4      | Reached skill level 1 in Dodging
  2854 | D:4      | Reached skill level 5 in Armour
  2854 | D:4      | Reached XP level 6. HP: 55/55 MP: 5/5
  3204 | D:4      | Reached skill level 5 in Long Blades
  3918 | D:5      | Entered Level 5 of the Dungeon
  3926 | D:5      | Noticed an ice beast
  3961 | D:5      | Killed an ice beast
  3962 | D:5      | Reached skill level 5 in Fighting
  3962 | D:5      | Reached skill level 5 in Shields
  3962 | D:5      | Reached XP level 7. HP: 52/61 MP: 6/6
  3993 | D:5      | Reached skill level 6 in Long Blades
  4074 | D:5      | Noticed Sigmund
  4112 | D:5      | Killed Sigmund
  4113 | D:5      | Reached XP level 8. HP: 46/70 MP: 7/7
  4294 | D:5      | Reached skill level 7 in Long Blades
  4531 | D:5      | Found a sand-covered staircase.
  4550 | Ossuary  | Entered an ossuary
  4847 | Ossuary  | Reached skill level 8 in Long Blades
  5256 | D:6      | Reached skill level 9 in Long Blades
  5284 | D:6      | Found an ornate altar of the Wu Jian Council.
  5323 | D:6      | Found a glowing drain.
  5401 | Sewer    | Entered a sewer
  5863 | D:6      | Reached XP level 9. HP: 69/77 MP: 8/8
  6408 | D:6      | Found an iron altar of Okawaru.
  6412 | D:6      | Became a worshipper of Warmaster Okawaru
  6507 | D:7      | Found a staircase to the Ecumenical Temple.
  6516 | D:7      | Noticed Menkaure
  6520 | Temple   | Entered the Ecumenical Temple
  6628 | D:7      | Killed Menkaure
  6729 | D:7      | Reached skill level 10 in Long Blades
  7187 | D:7      | Reached * piety under Okawaru
  7358 | D:7      | Identified the +9 hand axe "Fonuiple" {vorpal, Fly rC+ rN+
                  | Stlth-}
  7691 | D:8      | Reached skill level 1 in Axes
  8038 | D:8      | Reached skill level 11 in Long Blades
  8775 | D:9      | Reached XP level 10. HP: 75/88 MP: 6/9
  8781 | D:9      | Reached ** piety under Okawaru
  8838 | D:9      | Found a flagged portal.
  8949 | Bailey   | Entered a bailey
 10414 | Bailey   | Identified the +1 ring mail "Femuvyer" {Harm rElec Str-2
                  | Stlth+}
 10416 | Bailey   | Noticed an orc high priest
 10478 | Bailey   | Found an iron altar of Okawaru.
 10480 | Bailey   | Noticed an orc sorcerer
 10486 | Bailey   | Noticed a sun demon
 10491 | Bailey   | Reached skill level 5 in Axes
 10508 | Bailey   | Noticed an orange demon
 10511 | Bailey   | HP: 2/85 [orc high priest/+0 great sword (10)]
 10945 | Bailey   | Killed an orc high priest
 10950 | Bailey   | Killed an orc sorcerer
 10950 | Bailey   | Reached *** piety under Okawaru
 12104 | D:10     | Entered Level 10 of the Dungeon
 12207 | D:10     | Found a transporter.
 12262 | D:10     | Found a burning altar of Makhleb.
 12263 | D:10     | Found a glowing golden altar of the Shining One.
 12264 | D:10     | Found a hide-covered altar of Uskayaw.
 12551 | D:10     | Found a transporter.
 12631 | D:10     | Reached **** piety under Okawaru
 12888 | D:10     | Received a gift from Okawaru
 12889 | D:10     | Reached skill level 10 in Armour
 12899 | D:10     | Reached XP level 11. HP: 52/97 MP: 10/10
 13406 | D:10     | Noticed a two-headed ogre
 13430 | D:10     | Killed a two-headed ogre
 13598 | D:10     | Identified the +4 long sword "Suefinym" {vorpal, *Noise
                  | rPois rN+}
 13700 | D:10     | Reached skill level 12 in Long Blades
 13928 | D:10     | Reached ***** piety under Okawaru
 14501 | D:10     | Killed from afar by a swamp worm

Illustrated notes

Levels and vault maps discovered:
D:1:      elethiomel_arrival_infinity_welcomes_careful_drivers, layout_rooms,
          hellmonk_ecumenical_altar_crossroads, hangedman_decor_points,
          kennysheep_another_room, st_stairs_2, minmay_quantized
D:2:      layout_basic
D:3:      layout_rooms, mainiacjoe_overflow_boulevard
D:4:      layout_cave_pods, corexii_item_surrounded_by_moat,
          minmay_fractal_squares_gapless_5
D:5:      layout_cave_pools, enter_ossuary_5, uniq_sigmund
D:6:      layout_rooms, mainiacjoe_overflow_big_doors,
          cheibrodos_sewer_entry_drain
D:7:      layout_basic, minmay_temple_entry_ruins, uniq_menkaure
D:8:      layout_basic
D:9:      layout_cave_pools, enter_bailey_6, st_stairs_7,
          chequers_serial_rivers_room_b, grunt_ministairs_9
D:10:     gammafunk_worm_tunnel, layout_irregular_city, minitemple,
          grunt_ministairs_2
Temple:   eino_temple_scatter_basement

Skill      XL: |  1  2  3  4  5  6  7  8  9 10 11 |
---------------+----------------------------------+-----
Fighting       | 4 5 6 7 9 |  9.4
Shields        | 4 5 6 7 8 9 |  9.0
Armour         | 4 5 6 7 8 10 | 10.8
Long Blades    | 3 4 5 6 9 11 12 | 12.1
Dodging        | 1 2 |  2.3
Axes           | 2 7 |  7.4
Stealth        | |  0.5
Invocations    | |  0.3
Evocations     | |  0.1

Action                   |  1- 3 |  4- 6 |  7- 9 | 10-12 || total
-------------------------+-------+-------+-------+-------++-------
Melee: Long sword        |    94 |   177 |   441 |   176 ||   888
       Headbutt          |    17 |    29 |    87 |    63 ||   196
       Hand axe          |       |       |    22 |   123 ||   145
Invok: Heroism           |       |       |     1 |     4 ||     5
Evoke: Wand              |       |       |       |     3 ||     3
  Use: Potion            |     4 |       |       |     9 ||    13
       Scroll            |     3 |     4 |    11 |     3 ||    21
Armor: Scale mail        |    47 |    16 |       |       ||    63
       Plate armour      |       |   141 |   353 |   237 ||   731
Dodge: Dodged            |    56 |    58 |   142 |    81 ||   337
Block: Buckler           |    19 |    49 |   130 |    84 ||   282
